 Dungeon Crawl Stone Soup version 0.29.0-11-gd7f09526c8 (webtiles) character file.

Game seed: 12595376933512907272

21 Zeldest the Insei (level 3, -1/28 HPs)
             Began as a Meteoran Transmuter on Sept 3, 2022.
             Slain by a gnoll
             ... wielding a +0 whip
              (8 damage)
             ... on level 3 of the Dungeon.
             The game lasted 00:01:16 (200 turns).

Zeldest the Insei (Meteoran Transmuter)              Turns: 200, Time: 00:01:17

Health: -1/28      AC:  2    Str: 14    XL:     3   Next: 17%
Magic:  5/8        EV: 12    Int: 14    God:
Gold:   44         SH:  0    Dex: 14    Spells: 4/7 levels left

rFire   . . .      SeeInvis .   c - +3 whip
rCold   . . .      Faith    .   (no shield)
rNeg    . . .      Spirit   .   a - +0 robe
rPois   .          Reflect  .   (helmet currently unavailable)
rElec   .          Harm     .   (no cloak)
rCorr   .          Rampage  .   (no gloves)
Will    .....                   (boots currently unavailable)
Stlth   +.........              (no amulet)
HPRegen 0.09/turn               (no ring)
MPRegen 0.11/turn               (no ring)

@: appendages, wereblooded, glowing
A: horns 2, talons 2, sense surroundings 1, otherworldly, glowing, explore regen
a: End Transformation


You were on level 3 of the Dungeon.
You had temporarily grown beastly horns and talons.
You visited 1 branch of the dungeon, and saw 3 of its levels.

You collected 44 gold pieces.

Inventory:

Hand Weapons
 c - a +3 whip (weapon)
Armour
 a - a +0 robe (worn)
Scrolls
 d - a scroll of fear {unknown}
Potions
 b - a potion of lignification
 e - a potion of flight {unknown}
 f - a potion of magic {unknown}
 g - a potion of mutation {unknown}


   Skills:
 - Level 1.1 Fighting
 - Level 2.4 Dodging
 + Level 4.2 Unarmed Combat
 - Level 2.6 Spellcasting
 + Level 3.3 Transmutations


You had 4 spell levels left.
You knew the following spells:

 Your Spells              Type           Power      Damage    Failure   Level
a - Beastly Appendage     Tmut           22%        N/A       6%          1
b - Wereblood             Tmut           11%        N/A       9%          2

Your spell library contained the following spells:

 Spells                   Type           Power      Damage    Failure   Level
 Spider Form              Tmut/Pois      6%         N/A       34%         3
 Ice Form                 Ice/Tmut       6%         N/A       75%         4


Dungeon Overview and Level Annotations

Branches:
Dungeon (3/15) Zot: 1597

Altars:


Innate Abilities, Weirdness & Mutations

You have temporarily grown beastly horns and talons.
You passively map a small area around you.
You are easily found by Zot.
You glow in the dark.
You regain HP and MP as you explore.


Message History

You open the door.
A bat comes into view.
You howl as the wereblood boils in your veins!
The bat barely misses you.
There is an open door here.
You hit the bat but do no damage. The bat misses you.
You whack the bat!
You kill the bat!
Your primal bloodlust has ended.
As you open the door, it creaks loudly!
Found 10 gold pieces.
Found a stone staircase leading down.
There is an open door here.
You now have 41 gold pieces (gained 10).
There is a stone staircase leading down here.
You climb downwards.
There is a stone staircase leading up here.
Found 3 gold pieces.
Found an escape hatch in the floor.
You now have 44 gold pieces (gained 3).
Found a brown potion.
There is an escape hatch in the floor here.
g - a brown potion
There is an escape hatch in the floor here.
You slide downwards.
The hatch slams shut behind you.
The gnoll shouts! x3
Casting: Wereblood (safe; 9% risk of failure)
Confirm with . or Enter, or press ? or * to list all spells.
You grow a pair of large bovine horns.
Your feet morph into talons.
The gnoll hits you with a +0 whip.
Casting: Beastly Appendage (safe; 6% risk of failure)
Confirm with . or Enter, or press ? or * to list all spells.
Your blood is infused with primal strength.
The gnoll hits you with a +0 whip. x2
You hit the gnoll but do no damage. Your kick misses the gnoll.
You headbutt the gnoll, but do no damage.
The gnoll closely misses you. The gnoll hits you with a +0 whip!
* * * LOW HITPOINT WARNING * * *
You hit the gnoll but do no damage. The gnoll completely misses you.
The gnoll hits you with a +0 whip!
You die...

* ,, *
* ###*
, ..#
, #.#
#.# *
#.# *
* #g#
, , *
* #@#
* *
,*,#g#
, ,,
,#g#*
*,..#*
, *
### ,,
,, ,,
, , ,
, * *


You could see 3 gnolls.

Vanquished Creatures
  A dart slug (D:1)
  3 ball pythons (D:1)
  4 endoplasms (D:1)
  A giant cockroach (D:1)
  2 hobgoblins (D:1)
  A quokka (D:1)
  3 bats (D:1)
  A frilled lizard (D:1)
16 creatures vanquished.

Notes
Turn   | Place    | Note
-------+----------+-------------------------------------------
     0 | D:1      | Zeldest the Meteoran Transmuter began the quest for the
                  | Orb.
     0 | D:1      | Reached XP level 1. HP: 16/16 MP: 5/5
    59 | D:1      | Reached XP level 2. HP: 23/23 MP: 6/6
    69 | D:1      | Learned a level 2 spell: Wereblood
    73 | D:1      | Reached skill level 4 in Unarmed Combat
    94 | D:1      | Reached XP level 3. HP: 28/28 MP: 8/8
   107 | D:1      | Found a faded altar of an unknown god.
   200 | D:3      | Slain by a gnoll

Illustrated notes

Levels and vault maps discovered:
D:1:      minmay_arrival_solitary_statue, layout_basic,
          ebering_ecumenical_altar_petrified
D:2:      layout_basic, chequers_big_river, minmay_statues_item,
          grunt_decor_junction, kennysheep_pointless_box, feat_on_display,
          uniq_crazy_yiuf_cottage
D:3:      layout_basic, mainiacjoe_overflow_paths,
          minmay_fractal_squares_diagonal_5, uniq_grinder

Skill      XL: |  1  2 |
---------------+-------+-----
Unarmed Combat | 4 |  4.2
Transmutations | 3 |  3.3
Fighting       | |  1.1
Dodging        | |  2.4
Spellcasting   | |  2.6

Action                   || total
-------------------------++-------
Melee: Whip              ||    28
       Kick              ||     5
       Headbutt          ||     4
 Cast: Beastly Appendage ||     4
       Wereblood         ||     3
Armor: Robe              ||     6
Dodge: Dodged            ||    17
